 Dungeon Crawl Stone Soup version 0.20-a0-2-g2b0e13a (webtiles) character file.

10180 Atenerus the Thaumaturge (level 11, 0/64 HPs)
             Began as a Gargoyle Earth Elementalist on Oct 28, 2016.
             Was an Elder of Vehumet.
             Slain by an eight-headed hydra (2 damage)
             ... on level 11 of the Dungeon.
             The game lasted 00:52:20 (16989 turns).

Atenerus the Thaumaturge (GrEE)                    Turns: 16989, Time: 00:52:21

Health: 0/64       AC: 11    Str: 12    XL:     11   Next: 58%
Magic:  19/25      EV: 14    Int: 19    God:    Vehumet [****..]
Gold:   534        SH:  0    Dex: 14    Spells: 4 memorised, 19 levels left

rFire  + . .     SeeInvis +     z - +2 whip (venom)
rCold  + + .     Gourm    +     w - +2 robe {rC+}
rNeg   + + .     Faith    .     (no shield)
rPois  ∞         Spirit   .     (helmet restricted)
rElec  +         Reflect  .     (no cloak)
rCorr  .         Harm     .     (no gloves)
MR     .....                    (no boots)
Stlth  ++........               j - amulet of the gourmand
                                F - ring of Honesty {+Fly rC+ rN+ Dex+4}
                                t - ring of see invisible

@: studying Long Blades
A: horns 1, fire resistance 1, negative energy resistance 1, electricity
resistance, unbreathing, petrification resistance, rot immunity, AC +7
a: Renounce Religion, Evoke Flight


You were on level 11 of the Dungeon.
You worshipped Vehumet.
Vehumet was greatly pleased with you.
You were completely stuffed.

You visited 2 branches of the dungeon, and saw 12 of its levels.
You also visited: Ossuary.

You collected 534 gold pieces.

Inventory:

Hand Weapons
 s - a +1 whip of freezing
 z - a +2 whip of venom (weapon)
Missiles
 b - 250 stones (quivered)
 n - 107 arrows
Armour
 p - a +1 helmet
 w - a +2 robe of cold resistance (worn)
Magical Staves
 I - an uncursed staff of power
 Q - an uncursed staff of conjuration
Jewellery
 j - an amulet of the gourmand (around neck)
 t - a ring of see invisible (left hand)
 E - an uncursed ring of fire
 F - the ring of Honesty (right hand) {+Fly rC+ rN+ Dex+4}
   (You took it off Grum on level 8 of the Dungeon)

   [ring of flight]

   It affects your dexterity (+4).
   It protects you from cold.
   It protects you from negative energy.
   It lets you fly.
 J - an uncursed ring of positive energy
 O - an uncursed amulet of harm {unknown}
Wands
 c - a wand of iceblast (5/15)
 h - a wand of random effects (16/48)
 k - a wand of paralysis (13/24)
 q - a wand of flame (30/48)
 y - a wand of hasting (1/9)
 P - a wand of paralysis (17/24)
Scrolls
 g - 2 scrolls of recharging
 i - a scroll of fog
 u - 4 scrolls of remove curse
 x - 2 scrolls of immolation
 A - 2 scrolls of teleportation
 K - a scroll of enchant armour
Potions
 a - 2 potions of flight
 m - 2 potions of agility
 o - a potion of lignification
 r - 2 potions of magic
 B - a potion of haste
 D - a potion of berserk rage
 G - a potion of brilliance {unknown}
 M - a potion of might
Books
 e - a book of Geomancy

   Spells                             Type                      Level
   a - Sandblast                      Earth                        1
   b - Passwall                       Transmutation/Earth          2
   c - Stone Arrow                    Conjuration/Earth            3
   d - Petrify                        Transmutation/Earth          4
   e - Lee's Rapid Deconstruction     Earth                        5
 l - a book of Changes

   Spells                             Type                      Level
   a - Beastly Appendage              Transmutation                1
   b - Sticks to Snakes               Transmutation                2
   c - Spider Form                    Transmutation/Poison         3
   d - Ice Form                       Ice/Transmutation            4
   e - Blade Hands                    Transmutation                5
 L - a manual of Long Blades
Miscellaneous
 N - a fan of gales
Comestibles
 d - 5 bread rations
 f - 4 meat rations
 C - 4 chunks of flesh
 H - 3 fruits


   Skills:
 + Level 5.4 Fighting
 + Level 3.4 Long Blades
 + Level 4.6 Maces & Flails
 + Level 5.0 Armour
 + Level 4.5 Dodging
 - Level 2.1 Stealth
 * Level 10.0 Spellcasting
 + Level 7.9 Conjurations
 - Level 0.7 Transmutations
 + Level 9.2 Earth Magic


You had 19 spell levels left.
You knew the following spells:

 Your Spells              Type           Power        Failure   Level  Hunger
a - Sandblast             Erth           #####.       1%          1    None
b - Stone Arrow           Conj/Erth      #####.       1%          3    None
c - Lee's Rapid Deconstr  Erth           #####.....   1%          5    #####..
d - Sticks to Snakes      Tmut           ##......     10%         2    None


Dungeon Overview and Level Annotations

Branches:
Dungeon (11/15)            Temple (1/1) D:5            Lair (0/6) D:10
    Orc: D:9-12

Altars:
Ashenzari
Cheibriados
Dithmenos
Elyvilon
Fedhas
Gozag
Hepliaklqana
Kikubaaqudgha
Makhleb
Nemelex Xobeh
Okawaru
Qazlal
Ru
Sif Muna
Trog
Uskayaw
Vehumet
Xom
Yredelemnul
Zin
The Shining One

Shops:
D:6 *   D:7 }   D:8 !


Innate Abilities, Weirdness & Mutations

You are resistant to torment.
Your stone body is resilient. (AC +7)
You are immune to poison.
You resist negative energy. (rN+)
You are resistant to electric shocks. (rElec)
You can survive without breathing.
You are immune to petrification.
You are immune to rotting.
You have a pair of small horns on your head.
Your flesh is heat resistant. (rF+)


Message History

The eight-headed hydra closely misses you.
The eight-headed hydra bites you but does no damage. x4
Your adder barely misses the eight-headed hydra.
The howler monkey closely misses your adder.
Your adder bites the eight-headed hydra.
There is a stone staircase leading down here.
Your adder bites the eight-headed hydra.
Casting: Stone Arrow
Confirm with . or Enter, or press ? or * to list all spells.
Aiming: Stone Arrow
Press: ? - help, Shift-Dir - straight line, f/p - eight-headed hydra
Aim: an eight-headed hydra (moderately wounded)
The stone arrow hits the eight-headed hydra.
The eight-headed hydra is moderately wounded.
The eight-headed hydra bites you.
* * * LOW HITPOINT WARNING * * *
The eight-headed hydra misses you.
The eight-headed hydra bites you but does no damage.
The eight-headed hydra bites you.
You die...

#.# #.# #.# #.#
###.####
#.)....# ###
#.#.##.# ...
#)#.##.#######.#
#@#.....#.....>#
#D####..#.#.Z..#
#S####..#.#....#
#.u.Su.Z.......#
#########.####.#
#.# # #.. ####


You could see an eight-headed hydra, a brown ugly thing and a friendly adder.

Vanquished Creatures
  A centaur warrior (D:10)
  An unseen horror (D:7)
  Pikel (D:4)
  A hill giant (D:10)
  The ghost of clown the Cutter, a novice HaMo (Ossuary)
  The ghost of kuzmorgo the Magician, a novice DEWz (D:5)
  A troll (D:10)
  A two-headed ogre (D:7)
  A hippogriff (D:10)
  Prince Ribbit (D:9)
  Sigmund (D:3)
  A steam dragon (D:10)
  2 hungry ghosts
  Grum (D:8)
  Menkaure (D:7)
  5 orc warriors
  An ice beast (D:6)
  2 sky beasts
  3 black bears
  2 phantoms
  7 ogres
  4 wolves
  2 crocodiles
  2 elf zombies (Ossuary)
  A big kobold (D:7)
  5 bullfrogs
  2 scorpions (D:7)
  6 killer bees (D:10)
  17 wights (D:7)
  3 electric eels (D:10)
  5 crimson imps
  3 centaur zombies (Ossuary)
  3 quasits
  3 bullfrog skeletons
  2 human zombies (Ossuary)
  7 orc priests
  6 hounds
  5 jellies
  A centaur skeleton (D:7)
  Natasha (D:3)
  3 iguanas
  7 orc wizards
  Ijyb (D:2)
  6 worker ants
  3 big kobold zombies (Ossuary)
  A hound zombie (D:8)
  3 mummies
  Robin (D:2)
  10 adders
  4 shadow imps
  An ooze (D:1)
  3 adder zombies
  3 worms
  5 dart slugs
  2 leopard geckos
  19 orcs
  A ball python (D:3)
  7 giant cockroaches
  14 goblins
  6 hobgoblins
  8 jackals
  4 quokkas
  13 bats
  9 frilled lizards
  2 goblin zombies (Ossuary)
  7 hobgoblin zombies (Ossuary)
  14 kobolds
  9 kobold zombies (Ossuary)
  2 leopard gecko zombies (D:8)
  8 orc zombies (Ossuary)
  A quokka skeleton (D:6)
  8 rats
299 creatures vanquished.

Vanquished Creatures (others)
  An orc (D:4)
  A frilled lizard (D:4)
2 creatures vanquished.

Grand Total: 301 creatures vanquished

Notes
Turn   | Place    | Note
-------+----------+-------------------------------------------
     0 | D:1      | Atenerus the Gargoyle Earth Elementalist began the quest for the Orb.
     0 | D:1      | Reached XP level 1. HP: 10/10 MP: 3/3
   411 | D:1      | Reached XP level 2. HP: 13/15 MP: 1/5
   902 | D:1      | Reached XP level 3. HP: 19/19 MP: 5/7
   907 | D:1      | Learned a level 3 spell: Stone Arrow
  1049 | D:1      | Reached skill level 3 in Spellcasting
  1928 | D:2      | Reached XP level 4. HP: 24/24 MP: 7/9
  1972 | D:2      | Noticed Ijyb
  1977 | D:2      | Killed Ijyb
  2104 | D:2      | Reached skill level 1 in Conjurations
  2416 | D:2      | Reached skill level 4 in Spellcasting
  2678 | D:2      | Noticed Robin
  2693 | D:2      | Reached XP level 5. HP: 22/28 MP: 6/11
  2711 | D:2      | Killed Robin
  2948 | D:3      | Noticed Natasha
  2960 | D:3      | Killed Natasha
  3716 | D:3      | Noticed Sigmund
  3747 | D:3      | Killed Sigmund
  3747 | D:3      | Reached skill level 5 in Earth Magic
  3747 | D:3      | Reached XP level 6. HP: 8/32 MP: 2/13
  4053 | D:3      | Found a glowing golden altar of the Shining One.
  4195 | D:3      | Reached skill level 5 in Spellcasting
  4447 | D:3      | Found a basalt altar of Yredelemnul.
  4447 | D:3      | Found a radiant altar of Vehumet.
  4453 | D:3      | Became a worshipper of Vehumet
  4708 | D:4      | Found an iron altar of Okawaru.
  5033 | D:4      | Noticed a slave
  5034 | D:4      | Noticed a slave
  5035 | D:4      | Noticed Pikel
  5035 | D:4      | Noticed a slave
  5037 | D:4      | Noticed a slave
  5077 | D:4      | Killed Pikel
  5077 | D:4      | Reached skill level 6 in Spellcasting
  5077 | D:4      | Reached XP level 7. HP: 22/36 MP: 3/16
  5077 | D:4      | Reached XP level 8. HP: 26/41 MP: 3/17
  5354 | D:4      | Learned a level 5 spell: Lee's Rapid Deconstruction
  5775 | D:5      | Entered Level 5 of the Dungeon
  5784 | D:5      | Noticed kuzmorgo's ghost (novice DEWz)
  5907 | D:5      | Killed kuzmorgo's ghost
  5907 | D:5      | Reached skill level 7 in Spellcasting
  5907 | D:5      | Reached skill level 5 in Conjurations
  6018 | D:5      | Found a staircase to the Ecumenical Temple.
  6033 | Temple   | Entered the Ecumenical Temple
  6560 | D:5      | Reached * piety under Vehumet
  6560 | D:5      | Offered knowledge of Sting by Vehumet.
  6840 | D:5      | Found a deep blue altar of Sif Muna.
  7174 | D:6      | Reached XP level 9. HP: 45/45 MP: 13/20
  7737 | D:6      | Reached skill level 1 in Armour
  7769 | D:6      | Reached skill level 8 in Spellcasting
  8063 | D:6      | Found Docsagug's General Store.
  8111 | D:6      | Reached skill level 1 in Fighting
  8221 | D:6      | Learned a level 2 spell: Sticks to Snakes
  8437 | D:6      | Found an ancient bone altar of Kikubaaqudgha.
  8437 | D:6      | Found a shadowy altar of Dithmenos.
  8442 | D:6      | Found a snail-covered altar of Cheibriados.
  8444 | D:6      | Found a glowing silver altar of Zin.
  8446 | D:6      | Found a bloodstained altar of Trog.
  8740 | D:7      | Noticed a two-headed ogre
  8749 | D:7      | Killed a two-headed ogre
  8749 | D:7      | Reached skill level 1 in Maces & Flails
  9187 | D:7      | Noticed Menkaure
  9197 | D:7      | Killed Menkaure
  9503 | D:7      | Reached ** piety under Vehumet
  9669 | D:7      | Offered knowledge of Throw Frost by Vehumet.
  9857 | D:7      | Found Giafatt's Gadget Shop.
  9935 | D:7      | Reached XP level 10. HP: 48/55 MP: 8/22
 10271 | D:7      | Noticed an unseen horror
 10299 | D:7      | Killed an unseen horror
 10301 | D:7      | Reached skill level 9 in Spellcasting
 11013 | D:8      | Found Cozeics's Distillery.
 11088 | D:8      | Offered knowledge of Dazzling Spray by Vehumet.
 11215 | D:8      | Found a sand-covered staircase.
 11220 | D:8      | Noticed Grum
 11225 | Ossuary  | Entered an ossuary
 11550 | Ossuary  | Reached *** piety under Vehumet
 11632 | Ossuary  | Noticed clown's ghost (novice HaMo)
 11649 | Ossuary  | Killed clown's ghost
 11845 | Ossuary  | Offered knowledge of Static Discharge by Vehumet.
 12463 | Ossuary  | Gained mutation: You have a pair of small horns on your head. [potion of beneficial mutation]
 12525 | D:8      | Killed Grum
 12527 | D:8      | Got a smoking golden ring
 12528 | D:8      | Identified the ring of Honesty {+Fly rC+ rN+ Dex+4} (You took it off Grum on level 8 of the Dungeon)
 13360 | D:9      | Found a shadowy altar of Dithmenos.
 13433 | D:9      | Reached **** piety under Vehumet
 13514 | D:9      | Noticed Prince Ribbit
 13517 | D:9      | Killed Prince Ribbit
 13559 | D:9      | Offered knowledge of Sticky Flame by Vehumet.
 13611 | D:9      | Reached XP level 11. HP: 48/62 MP: 10/24
 14142 | D:9      | Reached skill level 5 in Fighting
 14626 | D:10     | Entered Level 10 of the Dungeon
 14775 | D:10     | Reached skill level 1 in Long Blades
 15010 | D:10     | Noticed a centaur warrior
 15027 | D:10     | Killed a centaur warrior
 15233 | D:10     | Gained mutation: Your flesh is heat resistant. (rF+) [potion of beneficial mutation]
 15385 | D:10     | Noticed a hill giant
 15407 | D:10     | Killed a hill giant
 16114 | D:10     | Found a staircase to the Lair.
 16225 | D:10     | Reached skill level 5 in Armour
 16348 | D:10     | Reached skill level 10 in Spellcasting
 16455 | D:11     | Noticed an eight-headed hydra
 16969 | D:11     | Noticed a brown ugly thing
 16989 | D:11     | HP: 2/64 [eight-headed hydra (5)]
 16989 | D:11     | Slain by an eight-headed hydra

Vault maps used:
D:1:      dpeg_arrival_triangle_fractal
D:2:      uniq_iyjb, uniq_robin
D:3:      gammafunk_temple_overflow_statue, overflow_temple_1_default,
          uniq_natasha, uniq_sigmund
D:4:      okawaru_ov_weapons_minmay, uniq_pikel
D:5:      first_bread, lemuel_tele_altar
D:6:      chequers_temple_overflow_minitemple, serial_shops,
          nicolae_shop_behind_doors, kennysheep_nondescript
D:7:      serial_shops, shop, uniq_menkaure
D:8:      serial_shops, nicolae_shop_statue_plus, gup_ossuary_entry_pyramid,
          uniq_grum
D:9:      basic_altar, uniq_prince_ribbit1
D:10:     kennysheep_spiral_hall, erik_lair_island, nicolae_wwwww
D:11:     david_orc_1_choice
Temple:   minmay_temple_bridge_abc
Ossuary:  ossuary_tomb_1

Skill      XL: |  1  2  3  4  5  6  7  8  9 10 11 |
---------------+----------------------------------+-----
Earth Magic    | 4 5 6 7 8 9 |  9.2
Spellcasting   | 3 4 6 7 8 9 10 | 10.0
Conjurations   | 1 2 4 5 6 7 |  7.9
Armour         | 2 4 5 |  5.0
Fighting       | 2 4 5 |  5.4
Dodging        | 2 4 |  4.5
Maces & Flails | 2 4 |  4.6
Long Blades    | 3 |  3.4
Stealth        | |  2.1
Transmutations | |  0.7

Action                   |  1- 3 |  4- 6 |  7- 9 | 10-12 || total
-------------------------+-------+-------+-------+-------++-------
Melee: Mace              |    22 |   163 |    23 |       ||   208
       Whip              |       |       |   224 |   364 ||   588
       Headbutt          |       |       |       |    27 ||    27
 Cast: Sandblast         |    48 |    35 |     2 |     2 ||    87
       Stone Arrow       |     1 |    27 |    76 |   175 ||   279
       Lee's Rapid Decon |       |       |     9 |    11 ||    20
       Sticks to Snakes  |       |       |     3 |    12 ||    15
  Use: Scroll            |     8 |     6 |     5 |    11 ||    30
       Potion            |       |     7 |       |     7 ||    14
 Stab: Sleeping          |     1 |     5 |     1 |     3 ||    10
       Distracted        |     1 |       |       |       ||     1
  Eat: Chunk             |     3 |    13 |    12 |    28 ||    56
       Fruit             |       |       |     5 |       ||     5
       Royal jelly       |       |       |     1 |       ||     1
       Meat ration       |       |       |       |     2 ||     2
Armor: Robe              |    22 |   110 |   104 |   204 ||   440
Dodge: Dodged            |    49 |   192 |   154 |   295 ||   690
